Map: Lock & Load

Players

raincamp

  • Race: Zerg Zerg
  • League: Bronze
  • Spawn Location: 7:00

raincamp

  • Race: Terran Terran
  • Spawn Location: 6:00

VOD

Have the link to the VOD?

Description

Time

  • Played on: Nov. 13, 2017, 11:26 a.m.
  • Length: 9:56
Show
View Real Time Build Order
Export as new Build Order

raincamp Zerg 

Build Orders:  

Get SALT Encoding   

  12  0:03  Drone  
  13  0:12  Drone  
  14  0:27  Overlord  
  14  0:35  Drone, Extractor  
  14  0:38  Extractor  
  13  0:42  Drone  
  14  0:52  Drone  
  14  0:57  Drone  
  16  1:05  Drone  
  17  1:38  Roach Warren  
  16  1:58  Lair  
  16  2:14  Drone  
  17  2:33  Spire  
  16  3:09  Mutalisk  
  18  3:13  Mutalisk  
  20  3:20  Overlord  
  20  3:33  Mutalisk x2  
  22  4:01  Leviathan  
  22  4:17  Mutalisk  
  22  4:45  Leviathan  
  22  5:01  Roach  
  22  5:03  Drone x3  
  27  5:12  Zerg Flyer Weapons Level 1  
  27  5:39  Roach  
  29  5:41  Overlord x2  
  29  5:44  Mutalisk  
  29  5:59  Drone  
  30  6:07  Roach  
  30  6:12  Leviathan  
  30  6:28  Drone  
  30  6:29  Brutalisk, Drone  
  32  6:30  Drone  
  32  6:31  Roach  
  32  6:32  Roach x3  
  41  7:01  Roach  
  41  7:10  Roach x2  
  41  7:12  Overlord x2  
  45  7:23  Brutalisk  
  45  7:55  Roach  
  45  8:08  Roach  
  45  8:09  Roach x3  
  53  8:17  Brutalisk  
Show
View Real Time Build Order
Export as new Build Order

raincamp Terran 

Build Orders:  

Get SALT Encoding   

  12  0:08  SCV  
Tags
 
Commander
AbathurRaynor
League
Bronze
Matchup
Co-op
Replay Pack
Co-op Speedrun
Add a new tag
Caveats
  • Supply blocks, unpowered buildings, or Contaminate may cause inaccurate times.
  • Supply counts are checked every 10 seconds.